 Dungeon Crawl Stone Soup version 0.28-a0-1545-g945cd3f27e (webtiles) character file.

Game seed: 8751259357608248340

1804 Essalna the Covered (level 8, -6/69 HPs)
             Began as a Demigod Fighter on Jan 18, 2022.
             Mangled by a shadow (21 damage)
             ... on level 6 of the Dungeon.
             The game lasted 00:14:06 (6425 turns).

Essalna the Covered (Demigod Fighter)               Turns: 6425, Time: 00:14:07

Health: -6/69      AC: 15    Str: 17    XL:     8   Next: 54%
Magic:  10/10      EV: 12    Int: 18    God:
Gold:   365        SH:  5    Dex: 13    Spells: 7/7 levels left

rFire   + . .      SeeInvis .   h - +0 falchion (protect)
rCold   . . .      Faith    .   c - +0 buckler
rNeg    . . .      Spirit   .   v - +0 troll leather armour
rPois   .          Reflect  .   f - +1 helmet
rElec   .          Harm     .   (no cloak)
rCorr   .          Rampage  .   u - +0 pair of gloves
Will    .....                   (no boots)
Stlth   +.........              (no amulet)
HPRegen 1.01/turn               n - ring of protection from fire
MPRegen 0.12/turn               (no ring)

@: about to teleport, under a protective aura
A: high mp 1, forlorn, divine attributes
a: no special abilities


You were on level 6 of the Dungeon.
You visited 1 branch of the dungeon, and saw 6 of its levels.
You also visited: Sewer.

You collected 365 gold pieces.

Inventory:

Hand Weapons
 a - a +0 long sword
 h - a +0 falchion of protection (weapon)
Armour
 b - a +0 scale mail
 c - a +0 buckler (worn)
 f - a +1 helmet (worn)
 u - a +0 pair of gloves (worn)
 v - a +0 troll leather armour (worn)
Magical Staves
 p - a staff of death
Jewellery
 n - a ring of protection from fire (left hand)
 t - a ring of wizardry
Wands
 q - a wand of iceblast (13)
Scrolls
 g - a scroll of enchant armour
 i - 3 scrolls of identify
 j - a scroll of magic mapping
 m - a scroll of blinking
 o - a scroll of vulnerability
Potions
 d - a potion of attraction {unknown}
 e - 2 potions of curing
 k - 2 potions of heal wounds {unknown}
 s - a potion of degeneration {unknown}


   Skills:
 + Level 5.4 Fighting
 + Level 4.9 Long Blades
 + Level 5.4 Armour
 + Level 4.4 Dodging
 + Level 5.3 Shields


You had 7 spell levels left.
You didn't know any spells.
Your spell library contained the following spells:

 Spells                   Type           Power      Damage    Failure   Level
 Freeze                   Ice            0%         1d3       32%         1
 Frozen Ramparts          Ice            0%         1d2       69%         3
 Hailstorm                Conj/Ice       0%         3d3       97%         4


Dungeon Overview and Level Annotations

Branches:
Dungeon (6/15)              Sewer (visited)
 Temple: D:4-7

Annotations:
D:3 2 transporters, bgiannan's ghost, amateur GrFi


Innate Abilities, Weirdness & Mutations

You have an increased reservoir of magic. (+10% MP)
You shall have no god before yourself.
Your divine heritage dramatically boosts your attributes as you level up.


Message History

The shadow strikes at you from the darkness!
* * * LOW HITPOINT WARNING * * *
Reactivating autopickup.
You fade into invisibility!
The orc barely misses you. The shadow barely misses you.
You block the shadow's attack.
The shadow slips into darkness.
The shadow flickers and vanishes!
Deactivating autopickup; reactivate with Ctrl-A.
You block the orc's attack.
You flicker for a moment.
The shadow strikes at you from the darkness!
* * * LOW HITPOINT WARNING * * *
Reactivating autopickup.
There is an open door here.
As you read the scroll of teleportation, it crumbles to dust.
You feel strangely unstable. The shadow hits you.
* * * LOW HITPOINT WARNING * * *
You flicker back into view.
Your surroundings suddenly seem different.
A jelly comes into view.
The jelly quivers.
Aiming: Iceblast
Press: ? - help, Shift-Dir - straight line, f - jelly
Aim: a jelly The mass of ice explodes!
The iceblast engulfs the jelly!
The jelly is almost dead.
A shadow opens the door.
The orc shouts!
The shadow slips into darkness.
The shadow flickers and vanishes!
Deactivating autopickup; reactivate with Ctrl-A.
You hit the jelly.
Your weapon exudes an aura of protection.
You kill the jelly!
As you read the scroll of teleportation, it crumbles to dust.
You feel strangely unstable.
The shadow strikes at you from the darkness!
You die...

......# ......#
......# ......#
####### ......#
###.....# ......#
........# ......#
........# ......+
........#
......#+####....@#
...........#.....#
...........###o###
...........#.[...#
.#####.....#.....#
. #.....'.....# .
#.....#.....# .
#.....#...†<# .
#.....#######


You could see an orc.

Vanquished Creatures
  Sigmund (D:2)
  A sky beast (D:6)
  A black bear (D:5)
  A centaur (D:4)
  2 bullfrogs (Sewer)
  3 water moccasin zombies (D:5)
  2 wyvern skeletons (D:5)
  4 hounds
  A bullfrog zombie (D:5)
  A jelly (D:6)
  3 bullfrog skeletons (D:5)
  2 centaur skeletons (D:5)
  An iguana (D:4)
  3 scorpion zombies (D:5)
  Natasha (twice) (D:2)
  3 hound zombies (D:5)
  4 hound skeletons
  A howler monkey skeleton (D:4)
  9 adders
  15 gnolls
  3 river rats (D:3)
  A white imp (D:4)
  An ufetubus (D:4)
  An adder skeleton (D:4)
  2 adder zombies (D:5)
  4 worms
  3 dart slugs
  7 orcs
  10 ball pythons
  3 endoplasms
  9 giant cockroaches
  9 goblins
  8 hobgoblins
  2 jackals (D:3)
  11 kobolds
  5 quokkas
  8 bats
  14 frilled lizards
  10 rats
171 creatures vanquished.

Notes
Turn   | Place    | Note
-------+----------+-------------------------------------------
     0 | D:1      | Essalna the Demigod Fighter began the quest for the Orb.
     0 | D:1      | Reached XP level 1. HP: 18/18 MP: 3/3
   251 | D:1      | Reached XP level 2. HP: 25/25 MP: 4/4
   852 | D:2      | Noticed Natasha
   859 | D:2      | Killed Natasha
   860 | D:2      | Reached skill level 1 in Dodging
   860 | D:2      | Reached XP level 3. HP: 28/31 MP: 5/5
   903 | D:2      | Noticed Sigmund
  1360 | D:2      | Killed Sigmund
  1361 | D:2      | Reached XP level 4. HP: 9/38 MP: 6/6
  1361 | D:2      | Reached XP level 5. HP: 10/45 MP: 7/7
  1832 | D:2      | Noticed Natasha
  1840 | D:2      | Killed Natasha
  2145 | D:3      | Found a glowing drain.
  2153 | Sewer    | Entered a sewer
  2526 | Sewer    | Reached XP level 6. HP: 49/52 MP: 8/8
  3326 | D:3      | Found a transporter.
  3443 | D:3      | Found a transporter.
  3446 | D:3      | Noticed bgiannan's ghost (amateur GrFi)
  4357 | D:4      | Reached XP level 7. HP: 51/59 MP: 9/9
  5463 | D:5      | Entered Level 5 of the Dungeon
  5940 | D:5      | Reached XP level 8. HP: 67/67 MP: 10/10
  6093 | D:5      | Reached skill level 5 in Fighting
  6093 | D:5      | Reached skill level 5 in Armour
  6104 | D:5      | Reached skill level 5 in Shields
  6241 | D:5      | Noticed a troll
  6395 | D:6      | HP: 2/68 [shadow (8)]
  6425 | D:6      | Mangled by a shadow

Illustrated notes

Levels and vault maps discovered:
D:1:      tarquinn_simple_flora_water_e, layout_loops_ring
D:2:      layout_basic, grunt_decor_one_mirror, minmay_tetromino_l2,
          uniq_natasha, uniq_sigmund
D:3:      layout_basic, nicolae_overflow_hidden_temple,
          gammafunk_ghost_mausoleum, lightli_sewer_entry_pipes,
          minmay_joined_circles
D:4:      layout_rooms
D:5:      minmay_thick_lines, layout_rooms, serial_undead, serial_undead_d,
          serial_undead_b, serial_undead_d, serial_undead_a, serial_undead_d,
          serial_undead_c, serial_undead_f, serial_undead_a, serial_undead_b,
          serial_undead_f, nicolae_specific_store
D:6:      minmay_diamond_boxcup, layout_gridville, supply_closet_lemuel,
          uniq_maggie

Skill      XL: |  1  2  3  4  5  6  7  8 |
---------------+-------------------------+-----
Long Blades    | 2 3 4 |  4.9
Fighting       | 3 4 5 |  5.4
Armour         | 3 4 5 |  5.4
Dodging        | 1 2 3 4 |  4.4
Shields        | 3 4 5 |  5.3

Action                   |  1- 3 |  4- 6 |  7- 9 || total
-------------------------+-------+-------+-------++-------
Melee: Long sword        |    94 |   386 |    34 ||   514
       Falchion          |       |       |   391 ||   391
Evoke: Wand              |       |       |     1 ||     1
  Use: Potion            |     1 |       |     2 ||     3
       Scroll            |       |     9 |     2 ||    11
Armor: Scale mail        |    46 |   189 |   177 ||   412
       Troll leather arm |       |       |   211 ||   211
Dodge: Dodged            |    38 |   245 |   393 ||   676
Block: Buckler           |    18 |   124 |   160 ||   302

Table legend: (Time is in decaauts)
 A = Elapsed time spent in this place.
 B = Non-inter-level travel time spent in this place.
 C = Inter-level travel time spent in this place.
 D = Time resting spent in this place.
 E = Time spent auto-exploring this place.
 F = Levels seen in this place.
 G = Mean time per level.
                   A        B        C        D        E       F      G
               +--------+--------+--------+--------+--------+-----+--------+
         Total |   6751 |   6526 |    225 |    474 |   4130 |   7 |  964.4 |
       Dungeon |   5665 |   5440 |    225 |    474 |   3340 |   6 |  944.2 |
         Sewer |   1086 |   1086 |      0 |      0 |    789 |   1 | 1086.0 |
               +--------+--------+--------+--------+--------+-----+--------+

Top non-repeatable levels by time:
     D:3: 1638 daAuts
     D:2: 1234 daAuts
   Sewer: 1086 daAuts
     D:4: 1060 daAuts
     D:1: 834 daAuts
     D:5: 752 daAuts
     D:6: 144 daAuts
